 Dungeon Crawl Stone Soup version 0.29-a0-1016-g236c7fd91e (webtiles) character file.

Game seed: 13992572642332058508

247 siradein the Trooper (level 6, -5/53 HPs)
             Began as a Ghoul Fighter on Aug 9, 2022.
             Killed from afar by an orc wizard (8 damage)
             ... with a puff of flame
             ... on level 4 of the Dungeon.
             The game lasted 00:06:04 (3192 turns).

siradein the Trooper (Ghoul Fighter)                Turns: 3192, Time: 00:06:04

Health: -5/53      AC:  9    Str: 22    XL:     6   Next: 11%
Magic:  5/5        EV: 13    Int:  3    God:
Gold:   241        SH:  0    Dex:  8    Spells: 5/5 levels left

rFire   . . .      SeeInvis .   a - +0 war axe
rCold   + . .      Faith    .   c - +0 buckler
rNeg    + + +      Spirit   .   b - +0 scale mail
rPois   ∞          Reflect  .   (no helmet)
rElec   .          Harm     .   (no cloak)
rCorr   .          Rampage  .   f - +0 pair of gloves
Will    .....                   u - +0 pair of boots
Stlth   ..........              (no amulet)
HPRegen 0.00/turn               v - +4 ring of evasion
MPRegen 0.09/turn               (no ring)

@: confused, inhibited regen
A: claws 1, cold resistance 1, negative energy resistance 3, inhibited
regeneration, torment resistance 2, devour on kill
a: no special abilities


You were on level 4 of the Dungeon.
You visited 1 branch of the dungeon, and saw 4 of its levels.

You collected 286 gold pieces.
You spent 45 gold pieces at shops.

Inventory:

Hand Weapons
 a - a +0 war axe (weapon)
Missiles
 g - a throwing net (quivered)
 i - 51 stones
 l - 2 javelins
Armour
 b - a +0 scale mail (worn)
 c - a +0 buckler (worn)
 f - a +0 pair of gloves (worn)
 u - a +0 pair of boots (worn)
 x - a +0 tower shield
Jewellery
 d - a ring of protection from cold
 v - a +4 ring of evasion (left hand)
Wands
 t - a wand of flame (20)
Scrolls
 h - a scroll of blinking {unknown}
 k - a scroll of summoning {unknown}
 p - a scroll of immolation {unknown}
 q - 3 scrolls of teleportation {unknown}
 s - a scroll of magic mapping {unknown}
 w - 3 scrolls of vulnerability {unknown}
 y - a scroll of butterflies {unknown}
 A - a scroll of identify
Potions
 e - a potion of curing
 j - 2 potions of flight
 m - a potion of heal wounds {unknown}
 n - 2 potions of attraction
 o - 2 potions of degeneration {unknown}
 r - a potion of lignification {unknown}
 z - a potion of haste {unknown}


   Skills:
 + Level 4.5 Fighting
 + Level 3.1 Axes
 + Level 3.8 Armour
 + Level 3.7 Shields


You had 5 spell levels left.
You didn't know any spells.
Your spell library contained the following spells:

 Spells                   Type           Power      Damage    Failure   Level
 Blink                    Tloc           0%         N/A       97%         2
 Lesser Beckoning         Tloc           0%         N/A       99%         3
 Manifold Assault         Tloc           0%         N/A       100%        5
 Summon Hydra             Summ           0%         N/A       100%        7
 Sublimation of Blood     Necr           Unusable   N/A       N/A         2
 Wereblood                Tmut           Unusable   N/A       N/A         2

Dungeon Overview and Level Annotations

Branches:
Dungeon (4/15)
 Temple: D:4-7

Altars:

Shops:
D:1 !   D:3 [


Innate Abilities, Weirdness & Mutations

You are immune to poison.
You have sharp fingernails.
Your flesh is cold resistant. (rC+)
You are immune to negative energy. (rN+++)
You do not regenerate when monsters are visible.
You are immune to unholy pain and torment.
You thrive by killing the living.


Message History

You bump into the rock wall.
Something hits you.
You're too confused to move!
Something hits you.
The orc priest calls down the wrath of Beogh upon you.
Beogh smites you!
An orc comes into view. It is wielding a +0 dagger.
You completely miss something.
The orc shouts!
You hear some strange, mumbled words.
You are more confused.
The orc priest casts a cantrip, but nothing happens.
You're too confused to move!
Something hits you but does no damage.
You bump into the rock wall.
Something hits you but does no damage.
You barely miss something. Something hits you but does no damage.
The orc priest calls down the wrath of Beogh upon you.
Beogh smites you!
* * * LOW HITPOINT WARNING * * *
Something barely misses you.
You bump into the rock wall.
Something hits you but does no damage.
You closely miss something. Something hits you but does no damage.
An orc comes into view. It is wielding a +0 hand axe.
You feel better. You block something's attack.
You slash something! Something hits you but does no damage. Something hits you.
You closely miss something. Something hits you but does no damage.
The orc priest calls down the wrath of Beogh upon you.
Beogh smites you!
* * * LOW HITPOINT WARNING * * *
You miss something.
Something hits you but does no damage. x2
You miss something. Something hits you.
* * * LOW HITPOINT WARNING * * *
You hear some strange, mumbled words.
A puff of flame appears from out of thin air!
The puff of flame hits you.
* * * LOW HITPOINT WARNING * * *
A puff of flame appears from out of thin air!
The puff of flame hits you but does no damage.
Something tries to affect you, but you resist.
You are confused.
You bump into the rock wall.
A puff of flame appears from out of thin air!
The puff of flame hits you!
You die...

.........#...##
.........#....#
#........#....#
#.....#...#
#.....##..#
##.... ##.##
##... #..# #..
##.# ## #@##
#..# ##.# #.##
##)# #{# #o#
##o# o#


You could see 2 orcs.

Vanquished Creatures
  An ogre (D:4)
  An iguana (D:4)
  6 adders
  3 worms
  3 dart slugs
  4 orcs
  4 bats
  5 endoplasms
  3 giant cockroaches (D:2)
  3 goblins
  8 hobgoblins
  2 jackals (D:4)
  6 kobolds
  5 quokkas
  8 ball pythons
  A frilled lizard (D:2)
  5 rats
68 creatures vanquished.

Notes
Turn   | Place    | Note
-------+----------+-------------------------------------------
     0 | D:1      | siradein the Ghoul Fighter began the quest for the Orb.
     0 | D:1      | Reached XP level 1. HP: 19/19 MP: 0/0
     3 | D:1      | You fall into a shaft and drop 1 floor!
   243 | D:1      | Reached XP level 2. HP: 23/26 MP: 1/1
   489 | D:1      | Found Voeleple's Distillery.
   972 | D:1      | Reached XP level 3. HP: 29/31 MP: 2/2
  1603 | D:2      | Reached XP level 4. HP: 32/40 MP: 3/3
  2153 | D:3      | Reached skill level 4 in Fighting
  2187 | D:3      | Found Gaonnil's Armour Shop.
  2213 | D:3      | Bought a +0 tower shield for 45 gold pieces
  2568 | D:3      | Reached XP level 5. HP: 41/46 MP: 4/4
  2768 | D:4      | Noticed an ogre
  2775 | D:4      | Killed an ogre
  3065 | D:4      | Reached XP level 6. HP: 48/53 MP: 5/5
  3192 | D:4      | Killed from afar by an orc wizard

Illustrated notes

Levels and vault maps discovered:
D:1:      amcnicky_arrival_feature_with_door, layout_basic, serial_shops,
          shop_statue
D:2:      layout_basic, serial_rivers, chequers_serial_rivers_small_b,
          chequers_serial_rivers_micro_b, chequers_serial_rivers_large_a,
          chequers_serial_rivers_micro_e, chequers_serial_rivers_large_b,
          chequers_serial_rivers_micro_a
D:3:      layout_rooms, serial_shops, nicolae_shop_stone
D:4:      layout_cave_pods, kennysheep_little_box

Skill      XL: |  1  2  3  4  5 |
---------------+----------------+-----
Axes           | 2 3 |  3.1
Armour         | 3 |  3.8
Shields        | 3 |  3.7
Fighting       | 4 |  4.5

Action                   |  1- 3 |  4- 6 || total
-------------------------+-------+-------++-------
Melee: War axe           |   132 |   117 ||   249
  Use: Scroll            |     1 |     3 ||     4
       Potion            |       |     2 ||     2
Armor: Scale mail        |    70 |    64 ||   134
Dodge: Dodged            |    73 |    73 ||   146
Block: Buckler           |    30 |    20 ||    50

Table legend: (Time is in decaauts)
 A = Elapsed time spent in this place.
 B = Non-inter-level travel time spent in this place.
 C = Inter-level travel time spent in this place.
 D = Time resting spent in this place.
 E = Time spent auto-exploring this place.
 F = Levels seen in this place.
 G = Mean time per level.
                   A        B        C        D        E       F      G
               +--------+--------+--------+--------+--------+-----+--------+
         Total |   3356 |   3244 |    112 |      0 |   2629 |   4 |  839.0 |
       Dungeon |   3356 |   3244 |    112 |      0 |   2629 |   4 |  839.0 |
               +--------+--------+--------+--------+--------+-----+--------+

Top non-repeatable levels by time:
     D:2: 1128 daAuts
     D:1: 1013 daAuts
     D:3: 701 daAuts
     D:4: 513 daAuts
